 Dungeon Crawl Stone Soup version 0.19-a0-1626-g5215c36 (webtiles) character file.

995 st0uf the Ruffian (level 7, 0/70 HPs)
             Began as a Troll Monk on Sept 18, 2016.
             Killed by divine providence
             ... invoked by an orc priest
              (16 damage)
             ... on level 7 of the Dungeon.
             The game lasted 00:15:01 (2130 turns).

st0uf the Ruffian (Troll Monk)                      Turns: 2130, Time: 00:15:02

Health: 0/70       AC:  8    Str: 20    XL:     7   Next: 99%
Magic:  6/6        EV: 11    Int:  6    God:
Gold:   217        SH:  0    Dex: 14    Spells: 0 memorised, 6 levels left

rFire  . . .     SeeInvis .       - Unarmed
rCold  . . .     Gourm    +     a - +0 robe
rNeg   . . .     Faith    .     (no shield)
rPois  .         Spirit   .     (helmet restricted)
rElec  .         Dismiss  .     (no cloak)
rCorr  +         Reflect  .     (gloves unavailable)
MR     .....     Harm     .     (boots unavailable)
Stlth  ++........               (no amulet)
                                A - ring of resist corrosion
                                g - +3 ring of protection

@: no status effects
A: unfitting armour, claws 3, fast metabolism 3, gourmand, regeneration 1,
shaggy fur 1, tough skin 2
a: no special abilities


You were on level 7 of the Dungeon.
You were completely stuffed.

You visited 1 branch of the dungeon, and saw 7 of its levels.
You also visited: Sewer.

You collected 217 gold pieces.

Inventory:

Missiles
 d - a throwing net (quivered)
Armour
 a - a +0 robe (worn)
 o - the +4 large shield of the Castellan {rElec rCorr Str+4 Dex-5}
   (You found it on level 4 of the Dungeon)

   It affects your strength (+4).
   It affects your dexterity (-5).
   It insulates you from electricity.
   It protects you from acid and corrosion.
Jewellery
 g - a +3 ring of protection (left claw)
 k - an uncursed ring of ice
 A - a ring of resist corrosion (right claw)
Wands
 l - a wand of teleportation (3/9)
 w - a wand of enslavement (18/24)
Scrolls
 c - 2 scrolls of fear {unknown}
 h - 2 scrolls of recharging {unknown}
 m - a scroll of enchant armour {unknown}
 p - 3 scrolls of identify {unknown}
 q - a scroll of immolation {unknown}
 s - a scroll of remove curse {unknown}
 x - a scroll of summoning {unknown}
 y - a scroll of brand weapon {unknown}
 z - a scroll of teleportation {unknown}
Potions
 e - a potion of resistance {unknown}
 j - 2 potions of curing {unknown}
 n - a potion of mutation {unknown}
 u - 3 potions of might {unknown}
 v - 2 potions of magic {unknown}
Books
 B - a book of Spatial Translocations

   Spells                             Type                      Level
   a - Apportation                    Translocation                1
   b - Blink                          Translocation                2
   c - Shroud of Golubria             Charms/Translocation         2
   d - Portal Projectile              Translocation                3
   e - Teleport Other                 Translocation                3
   f - Passage of Golubria            Translocation                4
Comestibles
 b - 6 bread rations
 f - 5 fruits
 i - 2 meat rations
 r - a beef jerky
 t - 5 chunks of flesh


   Skills:
 * Level 4.3 Fighting
 + Level 2.7 Throwing
 + Level 2.6 Armour
 + Level 3.8 Dodging
 - Level 1.1 Stealth
 + Level 1.9 Shields
 * Level 5.5 Unarmed Combat


You had 6 spell levels left.
You didn't know any spells.

Dungeon Overview and Level Annotations

Branches:
Dungeon (7/15)
 Temple: D:4-7

Altars:
Elyvilon
Sif Muna
Yredelemnul
Zin
The Shining One

Shops:
D:5 %


Innate Abilities, Weirdness & Mutations

You are too large for most types of armour.
You have claws for hands.
Your metabolism is lightning-fast.
You like to eat raw meat.
Your natural rate of healing is unusually fast.
You are covered in fur. (AC +1)
You have very tough skin. (AC +2)


Message History

You scratch the hippogriff.
The hippogriff is moderately wounded.
The hippogriff bites you. The hippogriff pecks you! The hippogriff claws you.
Unknown command.
You closely miss the hippogriff.
The hippogriff is moderately wounded.
The hippogriff bites you! The hippogriff pecks you.
The hippogriff claws you but does no damage.
You scratch the hippogriff.
The hippogriff is heavily wounded.
You claw the hippogriff!
The hippogriff is severely wounded.
The hippogriff bites you. The hippogriff pecks you.
The hippogriff closely misses you.
The orc priest invokes the aid of Beogh against you.
Beogh smites you!
* * * LOW HITPOINT WARNING * * *
The orc priest invokes the aid of Beogh against you.
Beogh smites you!
You die...

###########
..........######
...............#
.............#
########..##.#
#..<# ###@###
#.H.#.. #.###.#
#o# #.# #.# #.#
#o# #.# #.###.#
#...o.#
######)......


You could see a hippogriff and an orc priest.

Vanquished Creatures
  An orc warrior (D:6)
  2 big kobolds (Sewer)
  2 bullfrogs (D:6)
  A scorpion (D:6)
  A crimson imp (D:6)
  A quasit (D:5)
  2 hounds
  An orc wizard (D:7)
  A centaur skeleton (D:6)
  An orc priest (D:6)
  A jelly (D:6)
  A bullfrog skeleton (D:6)
  2 iguanas
  A worker ant (D:5)
  A hound zombie (D:5)
  A hound skeleton (D:6)
  A howler monkey zombie (D:6)
  3 gnolls (D:6)
  3 adders
  4 river rats (Sewer)
  A shadow imp (D:5)
  4 oozes (Sewer)
  6 worms (Sewer)
  2 dart slugs (D:5)
  2 leopard geckos
  5 orcs
  5 bats
  3 giant cockroaches
  3 goblins
  3 hobgoblins
  5 jackals
  8 kobolds
  3 quokkas
  5 ball pythons
  5 frilled lizards
  5 rats
96 creatures vanquished.

Notes
Turn   | Place    | Note
-------+----------+-------------------------------------------
     0 | D:1      | st0uf the Troll Monk began the quest for the Orb.
     0 | D:1      | Reached XP level 1. HP: 22/22 MP: 0/0
    76 | D:1      | Reached XP level 2. HP: 29/29 MP: 1/1
   179 | D:2      | Found a deep blue altar of Sif Muna.
   245 | D:1      | Reached XP level 3. HP: 36/36 MP: 2/2
   649 | D:4      | Got a translucent large shield
   655 | D:4      | Identified the +4 large shield of the Castellan {rElec rCorr Str+4 Dex-5} (You found it on level 4 of the Dungeon)
   741 | D:4      | Reached skill level 1 in Throwing
   741 | D:4      | Reached skill level 1 in Armour
   741 | D:4      | Reached XP level 4. HP: 44/44 MP: 3/3
   848 | D:5      | Entered Level 5 of the Dungeon
   909 | D:5      | Reached XP level 5. HP: 38/53 MP: 4/4
   922 | D:5      | Found Tyrem's Food Emporium.
  1010 | D:5      | Reached skill level 4 in Unarmed Combat
  1110 | D:6      | Reached skill level 1 in Shields
  1194 | D:6      | Reached XP level 6. HP: 57/61 MP: 5/5
  1320 | D:6      | Noticed an orc warrior
  1331 | D:6      | Killed an orc warrior
  1349 | D:6      | Reached XP level 7. HP: 33/68 MP: 6/6
  1412 | D:6      | Found a glowing drain.
  1420 | Sewer    | Entered a sewer
  1550 | Sewer    | Reached skill level 5 in Unarmed Combat
  2108 | D:7      | Found a white marble altar of Elyvilon.
  2108 | D:7      | Found a glowing golden altar of the Shining One.
  2108 | D:7      | Found a basalt altar of Yredelemnul.
  2109 | D:7      | Found a glowing silver altar of Zin.
  2113 | D:7      | Noticed a hippogriff
  2130 | D:7      | Killed from afar by an orc priest

Vault maps used:
D:1:      dpeg_arrival_rooms_c, patterned_corridor
D:2:      lemuel_crystal_altar
D:4:      first_bread, serial_bayou, serial_bayou_shore_b,
          serial_bayou_lagoon_a, serial_bayou_ford_a, serial_bayou_shore_a,
          serial_bayou_pond_d, grunt_ministairs_2
D:5:      serial_shops, kennysheep_mini_moat
D:6:      lightli_sewer_entry_pipes
D:7:      lemuel_doored_altar, grunt_temple_overflow_open, uniq_menkaure,
          uniq_pikel
Sewer:    sewer_co_tree

Skill      XL: |  1  2  3  4  5  6  7 |
---------------+----------------------+-----
Throwing       | 1 2 |  2.7
Armour         | 1 2 |  2.6
Fighting       | 3 4 |  4.3
Dodging        | 3 |  3.8
Unarmed Combat | 4 5 |  5.5
Shields        | 1 |  1.9
Stealth        | |  1.1

Action                   |  1- 3 |  4- 6 |  7- 9 || total
-------------------------+-------+-------+-------++-------
Melee: Unarmed           |    66 |   120 |   137 ||   323
       Punch             |       |     1 |     4 ||     5
 Stab: Sleeping          |       |     2 |       ||     2
  Eat: Chunk             |    11 |     5 |    11 ||    27
Armor: Robe              |    16 |    57 |    25 ||    98
Dodge: Dodged            |    29 |    98 |    43 ||   170
